AoeStats
← Mr Diniz

Lombardia

510101145Analyzed
4v4 RM · 4d ago on Sep 29, 2026· 54m 24s· 8 players
Game mode
Random Map
Map size
Large (8 player)
Population
200
Speed
Normal
Resources
Standard
Victory
Conquest
Starting age
Dark Age
Ending age
Imperial Age
RankedLock teamsTeams togetherTeam positionsShared explorationLock speedFull tech treeHidden civsTurbo modeCheats
Victory
Defeat
🇧🇷 Saracens · Brazil
1472
+14
🇦🇷 Malians · Argentina
1446
+15
🇩🇪 Varangians · Germany
1444
+15
🇹🇷 Mongols · Türkiye
1440
+15
🇭🇰 Spanish · Hong Kong SAR China
1540
-20
🇨🇳 Persians · China
1501
-18
🇨🇳 Magyars · China
1371
-13
🇨🇳 Berbers · China
1257
-8
QvQ5681
10:53 Feudal Age
11:29 Double-Bit Axe
11:56 Horse Collar
14:30 Castle Age
13:39 Gold Mining
14:05 Loom
15:39 Bow Saw
24:11 Wheelbarrow
25:41 Town Watch
25:52 Stone Mining
30:17 Imperial Age
29:49 Padded Archer Armor
30:44 Leather Archer Armor
31:22 Conscription
31:40 Elite Conquistador
34:52 Ring Archer Armor
34:23 Scale Mail Armor
35:37 Supremacy
35:24 Inquisition
34:47 Pikeman
35:29 Squires
35:34 Halberdier
36:00 Arson
36:26 Forging
37:47 Stone Shaft Mining
38:14 Two-Man Saw
37:22 Heavy Plow
38:29 Chain Mail Armor
38:50 Iron Casting
40:01 Plate Mail Armor
41:36 Iron Casting
42:29 Thumb Ring
43:46 Hoardings
44:58 Blast Furnace
45:21 Chemistry
44:43 Ballistics
45:01 Scale Barding Armor
46:41 Fletching
47:22 Elite Skirmisher
47:26 Elite Genitour
48:37 Hand Cart
50:48 Caravan
51:12 Bodkin Arrow
52:02 Bracer
53:18 Husbandry
53:43 Bloodlines
橙
10:34 Feudal Age
14:16 Castle Age
14:45 Double-Bit Axe
14:42 Horse Collar
22:43 Heavy Plow
23:19 Bow Saw
24:24 Wheelbarrow
24:25 Gold Mining
29:05 Imperial Age
27:25 Scale Barding Armor
27:57 Bloodlines
27:47 Husbandry
28:33 Gold Shaft Mining
27:48 Stone Mining
28:10 Forging
29:28 Loom
29:11 Cavalier
30:15 Chain Barding Armor
30:11 Hand Cart
30:38 Conscription
30:20 Heavy Camel Rider
31:51 Plate Barding Armor
31:52 Iron Casting
31:40 Squires
31:26 Arson
32:23 Stone Shaft Mining
32:23 Crop Rotation
31:57 Pikeman
32:27 Halberdier
33:28 Scale Mail Armor
33:08 Savar
34:35 Chain Mail Armor
35:21 Blast Furnace
36:00 Blast Furnace
36:56 Plate Mail Armor
38:25 Guilds
39:53 Caravan
42:41 Coinage
44:17 Capped Ram
47:12 Light Cavalry
47:25 Siege Ram
47:56 Town Watch
49:48 Chemistry
南橙
9:52 Feudal Age
11:10 Double-Bit Axe
11:53 Bloodlines
11:36 Horse Collar
12:13 Loom
13:09 Wheelbarrow
20:40 Castle Age
18:27 Loom
20:18 Gold Mining
20:42 Scale Barding Armor
22:07 Hand Cart
22:04 Bow Saw
22:44 Husbandry
22:55 Bloodlines
23:09 Chain Barding Armor
24:14 Gold Shaft Mining
32:35 Town Watch
36:45 Imperial Age
34:18 Town Patrol
34:46 Chain Barding Armor
36:49 Heavy Cavalry Archer
37:55 Parthian Tactics
36:51 Elite Genitour
37:28 Fletching
37:39 Padded Archer Armor
37:01 Cavalier
37:59 Stone Mining
38:19 Thumb Ring
38:27 Thumb Ring
39:27 Chemistry
39:38 Bodkin Arrow
39:58 Leather Archer Armor
41:50 Bracer
42:20 Ring Archer Armor
42:13 Conscription
42:39 Recurve Bow
43:03 Corvinian Army
43:58 Elite Magyar Huszar
45:27 Ballistics
44:51 Treadmill Crane
49:21 Plate Barding Armor
52:12 Light Cavalry
一只菜鸡懒狗
12:35 Feudal Age
13:53 Loom
23:27 Horse Collar
23:36 Double-Bit Axe
26:01 Castle Age
26:08 Wheelbarrow
28:10 Heavy Plow
28:24 Bow Saw
28:09 Gold Mining
33:46 Hand Cart
37:41 Fletching
40:06 Bodkin Arrow
42:12 Kasbah
45:35 Thumb Ring
50:23 Imperial Age
48:47 Padded Archer Armor
50:47 Leather Archer Armor
51:06 Ballistics
51:01 Fortified Wall
52:36 Chemistry
51:41 Husbandry
51:52 Bloodlines
51:10 Elite Genitour
52:25 Conscription
53:42 Bracer
Chili
6:09 Loom
11:50 Feudal Age
16:06 Castle Age
13:57 Double-Bit Axe
14:17 Horse Collar
17:17 Bow Saw
17:11 Heavy Plow
18:55 Wheelbarrow
20:26 Gold Mining
22:51 Stone Mining
24:59 Hand Cart
31:08 Imperial Age
28:46 Scale Barding Armor
28:54 Forging
31:25 Chain Barding Armor
31:16 Cavalier
32:52 Plate Barding Armor
32:46 Vendel Legacy
34:16 Iron Casting
34:33 Conscription
36:10 Blast Furnace
37:26 Fletching
37:51 Town Watch
38:39 Coinage
38:34 Bloodlines
38:24 Husbandry
39:29 Two-Man Saw
39:46 Caravan
39:07 Light Cavalry
39:46 Bodkin Arrow
40:43 Banking
41:06 Masonry
41:17 Ballistics
40:59 Bracer
41:44 Stone Shaft Mining
42:10 Fortified Wall
42:45 Squires
42:30 Gambesons
42:55 Arson
43:13 Scale Mail Armor
43:49 Town Patrol
44:21 Guilds
44:40 Elite Varangian Guard
46:05 Chain Mail Armor
45:48 Gothikon
47:53 Plate Mail Armor
48:50 Architecture
49:14 Murder Holes
49:38 Treadmill Crane
50:30 Siege Engineers
51:10 Capped Ram
52:08 Siege Ram
53:19 Elite Jarl
elchinaleikazo
8:30 Loom
10:47 Feudal Age
14:19 Castle Age
13:00 Double-Bit Axe
15:02 Horse Collar
21:57 Wheelbarrow
21:08 Town Watch
23:37 Hand Cart
24:42 Bow Saw
26:21 Heavy Plow
30:13 Scale Barding Armor
30:19 Forging
33:25 Imperial Age
31:16 Bloodlines
31:06 Husbandry
32:15 Chain Barding Armor
32:07 Tigui
33:21 Iron Casting
33:30 Scale Mail Armor
33:33 Heavy Camel Rider
35:22 Farimba
36:12 Plate Barding Armor
36:47 Caravan
37:20 Conscription
44:14 Coinage
KhanShinnok
6:01 Loom
11:03 Feudal Age
11:25 Horse Collar
16:48 Castle Age
17:19 Double-Bit Axe
17:36 Heavy Plow
18:42 Bow Saw
22:04 Fletching
22:53 Wheelbarrow
23:22 Bodkin Arrow
26:58 Padded Archer Armor
33:36 Town Watch
34:36 Town Patrol
34:54 Hand Cart
36:21 Gold Mining
36:22 Stone Mining
39:32 Imperial Age
38:01 Masonry
38:02 Fortified Wall
38:13 Ballistics
38:17 Leather Archer Armor
38:46 Stone Shaft Mining
38:46 Gold Shaft Mining
41:10 Caravan
42:55 Elite Mangudai
43:56 Conscription
46:04 Bracer
47:06 Chemistry
46:52 Bloodlines
46:42 Husbandry
47:47 Parthian Tactics
47:28 Thumb Ring
49:51 Coinage
49:21 Murder Holes
50:06 Hoardings
50:24 Nomads
50:45 Drill
50:47 Capped Ram
51:39 Siege Ram
53:16 Banking
Mr Diniz
10:15 Feudal Age
11:38 Loom
14:18 Castle Age
12:44 Double-Bit Axe
12:47 Horse Collar
21:02 Bow Saw
23:01 Wheelbarrow
25:29 Hand Cart
26:18 Heavy Plow
26:43 Town Watch
29:32 Imperial Age
27:53 Scale Barding Armor
28:24 Bloodlines
28:15 Husbandry
29:24 Chain Barding Armor
29:15 Forging
30:51 Plate Barding Armor
29:38 Heavy Camel Rider
30:41 Gold Mining
31:53 Two-Man Saw
32:03 Chemistry
31:22 Forging
32:29 Gold Shaft Mining
33:58 Iron Casting
33:39 Capped Ram
35:50 Blast Furnace
36:31 Conscription
35:51 Siege Ram
37:05 Masonry
37:07 Fletching
37:35 Siege Engineers
38:29 Coinage
37:39 Elite Mameluke
38:54 Hoardings
38:38 Bodkin Arrow
38:43 Padded Archer Armor
41:08 Bracer
41:23 Leather Archer Armor
41:06 Murder Holes
41:31 Ballistics
43:06 Light Cavalry
44:31 Ring Archer Armor
45:30 Hussar
Connection lost

Rejoining the realm…

Still unreachable

The connection could not be restored.

Session expired

The server has moved on; the page needs a fresh start.